 Dungeon Crawl Stone Soup version 0.19.0-2-gae57169 (webtiles) character file.

179 Chiseanne the Charlatan (level 5, -8/35 HPs)
             Began as a High Elf Artificer on Nov 6, 2016.
             Killed themself with a badly aimed iceblast (18 damage)
             ... on level 3 of the Dungeon.
             The game lasted 00:06:51 (3062 turns).

Chiseanne the Charlatan (High Elf Artificer)        Turns: 3062, Time: 00:06:52

Health: -8/35      AC:  6    Str: 11    XL:     5   Next: 32%
Magic:  9/9        EV: 12    Int: 16    God:
Gold:   102        SH:  0    Dex: 15    Spells: 0 memorised, 4 levels left

rFire  . . .     SeeInvis .     a - +0 short sword
rCold  . . .     Gourm    .     j - +0 ring mail
rNeg   . . .     Faith    .     (no shield)
rPois  .         Spirit   .     (no helmet)
rElec  .         Reflect  .     (no cloak)
rCorr  .         Harm     .     (no gloves)
MR     +....                    o - +0 pair of boots
Stlth  +.........               (no amulet)
                                (no ring)
                                q - ring of protection from magic

@: no status effects
A: no striking features
a: no special abilities


You were on level 3 of the Dungeon.
You were not hungry.

You visited 1 branch of the dungeon, and saw 3 of its levels.

You collected 102 gold pieces.

Inventory:

Hand Weapons
 a - a +0 short sword (weapon)
Missiles
 h - 5 tomahawks
 i - 61 stones (quivered)
 v - 21 arrows
Armour
 j - a +0 ring mail (worn)
 o - a +0 pair of boots (worn)
Jewellery
 q - a ring of protection from magic (left hand)
Wands
 c - a wand of flame (0/48)
 d - a wand of enslavement (12/24)
 e - a wand of random effects (6/48)
Scrolls
 g - 2 scrolls of remove curse
 u - a scroll of amnesia
Potions
 k - a potion of ambrosia
 m - a potion of invisibility {unknown}
 n - 2 potions of haste
 p - a potion of agility {unknown}
 t - a potion of heal wounds {unknown}
 w - a potion of lignification {unknown}
Comestibles
 b - 3 meat rations
 f - a bread ration
 l - 2 chunks of flesh
 r - a slice of pizza


   Skills:
 * Level 2.7 Fighting
 - Level 1.2 Short Blades
 * Level 1.7 Armour
 * Level 3.7 Dodging
 - Level 1.1 Stealth
 * Level 4.0 Evocations


You had 4 spell levels left.
You didn't know any spells.

Dungeon Overview and Level Annotations

Branches:
Dungeon (3/15)

Altars:


Message History

Evoke which item? (* to show all) (? for menu, Esc to quit)
Zapping:
e - a wand of random effects (7/48)
Press: ? - help, Shift-Dir - straight line, f - you
Okay, then.
Something hits you but does no damage.
You feel better. Something hits you.
* * * LOW HITPOINT WARNING * * *
Some of the chunks of flesh in your inventory have rotted away.
Evoke which item? (* to show all) (? for menu, Esc to quit)
Zapping:
e - a wand of random effects (7/48)
Press: ? - help, Shift-Dir - straight line Nothing appears to happen.
This wand has 6 charges left.
Evoke which item? (* to show all) (? for menu, Esc to quit)
Zapping:
e - a wand of random effects (6/48)
Press: ? - help, Shift-Dir - straight line The mass of ice explodes!
The iceblast engulfs something.
Reactivating autopickup.
You feel a bit more experienced. The iceblast engulfs you!
Ouch! That really hurt!
You die...

.........#
?#.......### ##.
...†....... #.# #
.......... ...
.........# #.###
.#.......#.. # #.#..
..?.)....#..
###.###.#..
......#†##..
.>......... ≈....
#@##.# ##.......# ≈≈..
#.##.# #####.... ≈≈.
#.##.# #.###
≈≈..###÷##.#########.#
≈....................#
......†....###########
!...######## ###


There were no monsters in sight!

Vanquished Creatures
  A hound (D:3)
  2 gnolls (D:3)
  5 adders
  2 oozes
  A worm (D:2)
  A dart slug (D:2)
  4 leopard geckos
  4 giant cockroaches
  3 goblins
  5 hobgoblins
  3 jackals (D:2)
  3 quokkas
  2 ball pythons
  11 bats
  5 frilled lizards
  4 kobolds
  8 rats
64 creatures vanquished.

Vanquished Creatures (collateral kills)
  2 gnolls (D:3)
  2 hobgoblins (D:3)
4 creatures vanquished.

Grand Total: 68 creatures vanquished

Notes
Turn   | Place    | Note
-------+----------+-------------------------------------------
     0 | D:1      | Chiseanne the High Elf Artificer began the quest for the Orb.
     0 | D:1      | Reached XP level 1. HP: 13/13 MP: 4/4
   340 | D:1      | Reached XP level 2. HP: 18/18 MP: 5/5
  1404 | D:2      | Reached XP level 3. HP: 12/24 MP: 6/6
  1815 | D:2      | Reached skill level 1 in Armour
  2090 | D:2      | Reached XP level 4. HP: 28/29 MP: 7/7
  2809 | D:3      | Reached XP level 5. HP: 22/35 MP: 8/8
  2849 | D:3      | Reached skill level 4 in Evocations
  3062 | D:3      | Killed themself with a badly aimed iceblast

Skill      XL: |  1  2  3  4  5 |
---------------+----------------+-----
Dodging        | 3 |  3.7
Armour         | 1 |  1.7
Fighting       | 2 |  2.7
Evocations     | 4 |  4.0
Short Blades   | |  1.2
Stealth        | |  1.1

Action                   |  1- 3 |  4- 6 || total
-------------------------+-------+-------++-------
Melee: Short sword       |   210 |   129 ||   339
Evoke: Wand              |     7 |    20 ||    27
  Use: Scroll            |     3 |     3 ||     6
       Potion            |       |     1 ||     1
  Eat: Chunk             |     4 |     3 ||     7
Armor: Ring mail         |   110 |    65 ||   175
       Leather armour    |     2 |       ||     2
Dodge: Dodged            |   175 |   112 ||   287
